 Dungeon Crawl Stone Soup version 0.18-a0-1774-gce1f7b6 (webtiles) character file.

87 namelastname112 the Caller (level 4, -1/37 HPs)
             Began as a Draconian Summoner on Apr 15, 2016.
             Slain by kak's ghost (12 damage)
             ... on level 3 of the Dungeon.
             The game lasted 00:04:12 (2414 turns).

namelastname112 the Caller (Draconian Summoner)     Turns: 2414, Time: 00:04:13

Health: -1/37      AC:  6    Str: 10    XL:     4   Next: 28%
Magic:  0/7        EV: 13    Int: 16    God:
Gold:   123        SH:  0    Dex: 12    Spells: 2 memorised, 4 levels left

rFire  . . .     SeeInvis .     g - +0 dagger
rCold  . . .     Gourm    .     (armour unavailable)
rNeg   . . .     Faith    .     (no shield)
rPois  .         Spirit   .     (helmet restricted)
rElec  .         Dismiss  .     (no cloak)
rCorr  .         Reflect  .     d - +0 pair of gloves
SustAt .         Harm     .     (no boots)
MR     .....                    (no amulet)
Stlth  ++........               (no ring)
                                (no ring)

@: not resistant to hostile enchantments, unstealthy
A: unfitting armour, cold-blooded, AC +5
a: no special abilities


You were on level 3 of the Dungeon.
You were not hungry.

You visited 1 branch of the dungeon, and saw 3 of its levels.

You collected 123 gold pieces.

Inventory:

Hand Weapons
 g - a +0 dagger (weapon)
Armour
 d - a +0 pair of gloves (worn)
Scrolls
 h - a scroll of enchant armour {unknown}
 i - a scroll of immolation {unknown}
 j - 4 scrolls of identify {unknown}
 n - a scroll of teleportation {unknown}
 p - a scroll of blinking {unknown}
 q - a scroll of noise {unknown}
 s - a scroll of enchant weapon {unknown}
Potions
 e - a potion of magic {unknown}
 f - a potion of berserk rage {unknown}
 k - a potion of lignification {unknown}
 l - a potion of curing {unknown}
 m - a potion of might {unknown}
 o - a potion of mutation {unknown}
 r - a potion of brilliance {unknown}
Books
 a - a book of Callings

   Spells                             Type                      Level
   a - Summon Small Mammal            Summoning                    1
   b - Call Imp                       Summoning                    2
   c - Call Canine Familiar           Summoning                    3
   d - Summon Guardian Golem          Hexes/Summoning              3
   e - Summon Lightning Spire         Summoning/Air                4
   f - Summon Ice Beast               Ice/Summoning                4
Comestibles
 b - 3 bread rations


   Skills:
 + Level 2.7 Fighting
 + Level 3.3 Dodging
 - Level 1.7 Stealth
 - Level 2.0 Spellcasting
 - Level 4.0 Summonings


You had 4 spell levels left.
You knew the following spells:

 Your Spells              Type           Power        Failure   Level  Hunger
a - Summon Small Mammal   Summ           ##..         4%          1    #......
z - Call Imp              Summ           ##......     8%          2    ###....


Dungeon Overview and Level Annotations

Branches:
Dungeon (3/15)

Altars:
Ashenzari
Makhleb
Pakellas

Annotations:
D:3 kak's ghost, amateur TrMo


Innate Abilities, Weirdness & Mutations

Your plain brown scales are hard (AC +5).
Your body does not fit into most forms of armour.
You are cold-blooded and may be slowed by cold attacks.


Message History

Kak's ghost is severely damaged.
Kak's ghost hits you!
Your crimson imp blinks!
You take 7 damage, and have 18/37 hp.
You hit kak's ghost.
Kak's ghost is almost destroyed.
Kak's ghost hits you!
* * * LOW HITPOINT WARNING * * *
You take 9 damage, and have 9/37 hp.
MASSIVE DAMAGE!!
You see here a dagger.
Your crimson imp blinks!
Items here: ( ))))) [ Kak's ghost grins evilly.
Your crimson imp blinks!
You see here a stone.
Casting: Call Imp
Confirm with . or Enter, or press ? or * to list all spells.
A beastly little devil appears in a puff of flame.
Kak's ghost hits you!
You die...

#.#...####..
#.#### #.# #†# #.#
####.####
#.......#
#.##.##.#
#@##.##.#
#W##....#
#5#####.# ##
#.#####.#########.
#.....(.....5...).
##################


You could see kak's ghost and a friendly crimson imp.

Vanquished Creatures
  An adder (D:2)
  2 oozes
  5 dart slugs
  2 giant cockroaches (D:1)
  5 goblins
  2 hobgoblins
  A ball python (D:1)
  2 bats (D:1)
  3 giant newts
  5 kobolds
  9 rats
37 creatures vanquished.

Vanquished Creatures (collateral kills)
  An adder (D:2)
  A worm (D:2)
  A dart slug (D:2)
  5 orcs (D:3)
  A giant cockroach (D:3)
  A goblin (D:3)
  4 hobgoblins
  4 jackals (D:2)
  2 kobolds
20 creatures vanquished.

Grand Total: 57 creatures vanquished

Notes
Turn   | Place    | Note
--------------------------------------------------------------
     0 | D:1      | namelastname112 the Draconian Summoner began the quest for the Orb.
     0 | D:1      | Reached XP level 1. HP: 14/14 MP: 3/3
   203 | D:1      | Reached XP level 2. HP: 14/22 MP: 5/5
   315 | D:1      | Reached skill level 1 in Fighting
   451 | D:1      | Learned a level 2 spell: Call Imp
   627 | D:1      | Reached XP level 3. HP: 29/29 MP: 6/6
   898 | D:2      | Found a burning altar of Makhleb.
  1365 | D:2      | Found a shattered altar of Ashenzari.
  1456 | D:2      | Reached XP level 4. HP: 30/37 MP: 7/7
  1823 | D:2      | Found an oddly glowing altar of Pakellas.
  1927 | D:3      | epen: пинэт баттер он май болс
  2013 | D:3      | epen: блять
  2025 | D:3      | epen: ты поехал нахуй
  2267 | D:3      | namelastname112: лол
  2267 | D:3      | epen: ты так сильно угорел по тайлам?
  2267 | D:3      | namelastname112: в плане?
  2267 | D:3      | namelastname112: а че
  2267 | D:3      | namelastname112: мне смешно
  2267 | D:3      | epen: и мне
  2267 | D:3      | namelastname112: я эрешкигаль
  2293 | D:3      | Noticed kak's ghost (amateur TrMo)
  2295 | D:3      | epen: но это же уже совсем пиздец
  2329 | D:3      | epen: поставь того пидора
  2333 | D:3      | epen: который с торнадо
  2345 | D:3      | epen: ЛОРД ********
  2364 | D:3      | epen: который в пане
  2414 | D:3      | Slain by kak's ghost

Vault maps used:
D:1:      shiori_arrival_elements
D:2:      lemuel_doored_altar, nicolae_overflow_hidden_temple, first_bread,
          grunt_pakellas_basics
D:3:      marbit_many_paths, minmay_misc_feat_tiny, minivault_24, uniq_natasha

Skill      XL: |  1  2  3 |
---------------+----------+-----
Dodging        | 2 3 |  3.3
Fighting       | 1 2 |  2.7
Stealth        | |  1.7
Spellcasting   | |  2.0
Summonings     | |  4.0

Action                   |  1- 3 |  4- 6 || total
-------------------------+-------+-------++-------
Melee: Unarmed           |    85 |       ||    85
       Tailslap          |    29 |     4 ||    33
       Dagger            |    92 |    27 ||   119
 Cast: Summon Small Mamm |     2 |       ||     2
       Call Imp          |     5 |    18 ||    23
 Stab: Sleeping          |     5 |       ||     5
  Eat: Chunk             |     2 |       ||     2
       Meat ration       |       |     1 ||     1
Armor: Skin              |    51 |    16 ||    67
Dodge: Dodged            |   103 |    33 ||   136
